 Dungeon Crawl Stone Soup version 0.25.1-2-g60ff931df9 (webtiles) character file.

Game seed: 12223043969832294736

97 Johnny the Digger (level 4, 0/33 HPs)
             Began as a Demigod Earth Elementalist on Oct 21, 2020.
             Slain by a gnoll
             ... wielding a +1 vorpal halberd
              (2 damage)
             ... on level 3 of the Dungeon.
             The game lasted 00:02:12 (2898 turns).

Johnny the Digger (Demigod Earth Elementalist)      Turns: 2898, Time: 00:02:13

Health: 0/33       AC:  3    Str: 11    XL:     4   Next: 19%
Magic:  5/10       EV: 12    Int: 21    God:
Gold:   104        SH:  0    Dex: 16    Spells: 7/8 levels left

rFire    . . .     SeeInvis .   j - +0 spear
rCold    . . .     Gourm    .   (no shield)
rNeg     . . .     Faith    .   c - +0 robe
rPois    .         Spirit   .   (no helmet)
rElec    .         Reflect  .   (no cloak)
rCorr    .         Harm     .   n - +0 pair of gloves
MR       .....                  (no boots)
Stlth    ++........             (no amulet)
HPRegen  0.11/turn              (no ring)
MPRegen  0.12/turn              (no ring)

@: no status effects
A: high mp 1
a: no special abilities


You were on level 3 of the Dungeon.
You were not hungry.

You visited 1 branch of the dungeon, and saw 3 of its levels.

You collected 104 gold pieces.

Inventory:

Hand Weapons
 j - a +0 spear (weapon)
Missiles
 b - 77 stones (quivered)
Armour
 c - a +0 robe (worn)
 n - a +0 pair of gloves (worn)
Jewellery
 l - an uncursed ring of flight {unknown}
 m - an uncursed amulet of reflection {unknown}
 r - a cursed ring of teleportation {unknown}
Scrolls
 a - 3 scrolls of identify {unknown}
 g - 2 scrolls of teleportation {unknown}
 h - 2 scrolls of fog {unknown}
 k - a scroll of magic mapping {unknown}
 o - a scroll of fear {unknown}
 p - a scroll of random uselessness {unknown}
 q - 2 scrolls of immolation {unknown}
Potions
 e - a potion of mutation {unknown}
 i - 2 potions of curing {unknown}
 s - 2 potions of stabbing {unknown}
Comestibles
 d - 5 rations
 f - 3 chunks of flesh


   Skills:
 - Level 1.7 Dodging
 - Level 1.7 Stealth
 + Level 2.6 Spellcasting
   Level 0.8 Transmutations
 * Level 4.2 Earth Magic


You had 7 spell levels left.
You knew the following spells:

 Your Spells              Type           Power        Failure   Level  Hunger
a - Sandblast             Erth           ###...       2%          1    None

Your spell library contained the following spells:

 Spells                   Type           Power        Failure   Level  Hunger
 Passwall                 Tmut/Erth      ##......     8%          2    ##.....
 Stone Arrow              Conj/Erth      ##....       17%         3    ###....
 Petrify                  Tmut/Erth      ##......     43%         4    ####...
 Lee's Rapid Deconstruct  Erth           ###.......   54%         5    ######.


Dungeon Overview and Level Annotations

Branches:
Dungeon (3/15)


Innate Abilities, Weirdness & Mutations

You have an increased reservoir of magic. (+10% MP)


Message History

The blast of sand misses the gnoll.
b - 78 stones The gnoll hits you from afar with a +1 vorpal halberd!
* * * LOW HITPOINT WARNING * * *
Casting: Sandblast (safe; 2% risk of failure)
Confirm with . or Enter, or press ? or * to list all spells.
Aiming: Sandblast (safe; 2% risk of failure)
Press: ? - help, Shift-Dir - straight line, f/p - gnoll
Aim: a gnoll, wielding a +1 vorpal halberd The blast of sand hits the gnoll.
The gnoll is lightly wounded.
b - 77 stones Unknown command.
Evoke which item? (* to show all) (? for menu, Esc to quit)
Okay, then.
You see here a +0 club.
There is an escape hatch in the ceiling here.
The gnoll hits you from afar with a +1 vorpal halberd!
* * * LOW HITPOINT WARNING * * *
You die...

#.##.####.......##.########
#.#.........######.#
#.#..####.#.# ###.###
......###.#.## #....)#
#>#...#......###.#.#.##
#.#...................#
#.#.)...<...####.#.#..#
#..)......#.####......#
###.###.#.#.....@#.#..# #.#
#g#.######)#.#..####### #.#
#.#.######g............ #.#
#.#..........#..####### ..#
#.#.##########...# ##
#.#.##### ##..#
####.#.....# #..#
#....#####.# #..# #.####
#.# #..#


You could see a gnoll.

Vanquished Creatures
  3 gnolls (D:3)
  An adder (D:2)
  An ooze (D:1)
  A worm (D:3)
  A dart slug (D:2)
  3 leopard geckos (D:3)
  An orc (D:3)
  5 giant cockroaches
  5 goblins
  5 hobgoblins
  A quokka (D:3)
  A ball python (D:2)
  5 bats
  4 frilled lizards
  2 kobolds
  10 rats
49 creatures vanquished.

Notes
Turn   | Place    | Note
-------+----------+-------------------------------------------
     0 | D:1      | Johnny the Demigod Earth Elementalist began the quest for
                  | the Orb.
     0 | D:1      | Reached XP level 1. HP: 14/14 MP: 5/5
   263 | D:1      | Reached skill level 3 in Earth Magic
   413 | D:1      | Reached XP level 2. HP: 19/20 MP: 4/7
  1489 | D:2      | Reached XP level 3. HP: 26/26 MP: 6/9
  2669 | D:3      | Reached skill level 4 in Earth Magic
  2855 | D:3      | Reached XP level 4. HP: 33/33 MP: 8/10
  2898 | D:3      | Slain by a gnoll

Illustrated notes

Levels and vault maps discovered:
D:1:      dpeg_arrival_subterranean_lakeside_camping, layout_loops_ring
D:2:      layout_loops_ring
D:3:      layout_loops_ring, lemuel_coloured_pillars_altar, first_ration

Skill      XL: |  1  2  3 |
---------------+----------+-----
Earth Magic    | 3 4 |  4.2
Spellcasting   | 2 |  2.6
Dodging        | |  1.7
Stealth        | |  1.7
Transmutations | |  0.8

Action                   |  1- 3 |  4- 6 || total
-------------------------+-------+-------++-------
Melee: Unarmed           |    11 |       ||    11
       Spear             |   117 |       ||   117
 Cast: Sandblast         |    30 |     9 ||    39
 Stab: Sleeping          |    12 |       ||    12
  Eat: Chunk             |     6 |       ||     6
Armor: Robe              |    27 |     1 ||    28
Dodge: Dodged            |    83 |     5 ||    88
